 Dungeon Crawl Stone Soup version 0.18.1-5-g4a78601 (webtiles) character file.

1287 shmeve the Chopper (level 8, -6/71 HPs)
             Began as a Minotaur Berserker on May 14, 2016.
             Was a Priest of Trog.
             Mangled by an orc warrior
             ... wielding a +0 halberd
              (14 damage)
             ... on level 6 of the Dungeon.
             The game lasted 00:09:44 (5269 turns).

shmeve the Chopper (Minotaur Berserker)             Turns: 5269, Time: 00:09:44

Health: -6/71      AC:  7    Str: 21    XL:     8   Next: 30%
Magic:  7/7        EV: 11    Int:  5    God:    Trog [***...]
Gold:   228        SH:  0    Dex: 12    Spells: 0 memorised, 7 levels left

rFire  . . .     SeeInvis .     C - +0 war axe
rCold  . . .     Gourm    .     u - +0 scale mail
rNeg   . . .     Faith    .     (no shield)
rPois  .         Spirit   .     (helmet restricted)
rElec  .         Dismiss  .     (no cloak)
rCorr  .         Reflect  .     (no gloves)
SustAt .         Harm     .     (no boots)
MR     ++...                    (no amulet)
Stlth  ..........               (no ring)
                                (no ring)

@: exhausted, regenerating, slowed, drained, very slow, very resistant to
hostile enchantments, extremely unstealthy
A: retaliatory headbutt, horns 2
a: Berserk, Trog's Hand, Burn Spellbooks, Renounce Religion


You were on level 6 of the Dungeon.
You worshipped Trog.
Trog was most pleased with you.
You were very hungry.

You visited 1 branch of the dungeon, and saw 6 of its levels.

You collected 228 gold pieces.

Inventory:

Hand Weapons
 B - a +0 shortbow
 C - a +0 war axe (weapon)
Missiles
 f - 38 arrows
Armour
 u - a +0 scale mail (worn)
Wands
 D - a wand of teleportation (5/9)
Scrolls
 h - a scroll of blinking {unknown}
 i - a scroll of remove curse {unknown}
 j - 2 scrolls of fear {unknown}
 k - 7 scrolls of identify {unknown}
 l - a scroll of recharging {unknown}
 m - a scroll of teleportation {unknown}
 n - a scroll of random uselessness {unknown}
 o - 3 scrolls of noise {unknown}
 p - a scroll of immolation {unknown}
 y - a scroll of enchant armour {unknown}
 A - a scroll of amnesia {unknown}
Potions
 e - 3 potions of curing {unknown}
 g - 3 potions of invisibility {unknown}
 q - a potion of mutation {unknown}
 r - 3 potions of magic {unknown}
 s - a potion of lignification {unknown}
 t - a potion of cure mutation {unknown}
 v - a potion of resistance {unknown}
 w - a potion of might {unknown}
 x - 2 potions of heal wounds {unknown}
 z - a potion of ambrosia {unknown}
 E - a potion of cancellation {unknown}
Comestibles
 a - a slice of pizza
 b - 4 beef jerkies
 c - 4 bread rations
 d - 3 meat rations


   Skills:
 - Level 6.7(6.6) Fighting
 - Level 7.0(6.9) Axes
 * Level 5.7 Bows
 - Level 4.8(4.7) Armour
 - Level 4.3(4.2) Dodging


You had 7 spell levels left.
You didn't know any spells.

Dungeon Overview and Level Annotations

Branches:
Dungeon (6/15)             Temple (0/1) D:4

Altars:
Ashenzari
Elyvilon
Fedhas
Kikubaaqudgha
Okawaru
Vehumet
Xom
Yredelemnul
The Shining One


Innate Abilities, Weirdness & Mutations

You reflexively headbutt those who attack you in melee.
You have a pair of horns on your head.


Message History

The orc warrior closely misses you. The orc wizard hits you with a dagger.
* * * LOW HITPOINT WARNING * * *
Your skin crawls.
You feel resistant to hostile enchantments.
You feel slightly more hungry. The orc wizard hits you with a dagger.
* * * LOW HITPOINT WARNING * * *
The orc hits you but does no damage. The orc warrior misses you.
The orc wizard hits you with a dagger.
* * * LOW HITPOINT WARNING * * *
The orc hits you but does no damage.
You slash the orc wizard!
You kill the orc wizard!
Trog accepts your kill.
Trog appreciates your killing of a magic user.
You hit the orc but do no damage.
The orc warrior hits you from afar with a halberd!
* * * LOW HITPOINT WARNING * * *
The orc closely misses you.
The orc warrior hits you from afar with a halberd!
You die...

....##.....<....#
....####.###....#
....# #........#
....#
####.....########
....#
#†............
....#
#.))).........
##.##
##...)......... .#
#..............
##.##
#.#....@.......
.....
.....>..o)......
.....
...........o.....
.####
######.?..........
## #............
#............
#............
#............


You could see an orc warrior and an orc.

Vanquished Creatures
  Sigmund (D:5)
  An ice beast (D:5)
  2 ogres
  A centaur (D:5)
  Blork the orc (D:4)
  A scorpion (D:4)
  3 wights (D:6)
  A crimson imp (D:5)
  A giant frog zombie (D:5)
  A hound (D:5)
  An orc priest (D:5)
  A giant frog skeleton (D:5)
  2 orc wizards
  5 worker ants
  3 hound zombies
  A howler monkey skeleton (D:5)
  4 gnolls (D:4)
  5 adders
  2 worms
  3 dart slugs
  4 giant geckos
  4 orcs
  A ball python (D:1)
  3 giant cockroaches
  5 goblins
  6 hobgoblins
  7 jackals
  6 kobolds
  2 quokkas
  6 bats
  4 giant newts
  9 rats
97 creatures vanquished.

Notes
Turn   | Place    | Note
--------------------------------------------------------------
     0 | D:1      | shmeve the Minotaur Berserker began the quest for the Orb.
     0 | D:1      | Reached XP level 1. HP: 19/19 MP: 0/0
   389 | D:1      | Reached XP level 2. HP: 24/27 MP: 1/1
   859 | D:2      | Reached ** piety under Trog
   895 | D:2      | Found a shimmering altar of Xom.
   981 | D:2      | Reached skill level 4 in Axes
  1028 | D:2      | Reached XP level 3. HP: 16/34 MP: 2/2
  1689 | D:3      | Found an ancient bone altar of Kikubaaqudgha.
  1690 | D:3      | Found a blossoming altar of Fedhas.
  2032 | D:3      | Reached XP level 4. HP: 32/41 MP: 3/3
  2140 | D:3      | Found a shattered altar of Ashenzari.
  2191 | D:3      | Found a basalt altar of Yredelemnul.
  2262 | D:3      | HP: 2/41 [kobold (1)]
  2735 | D:3      | Found a radiant altar of Vehumet.
  2858 | D:3      | Found a white marble altar of Elyvilon.
  2907 | D:4      | Noticed an ogre
  2915 | D:4      | Killed an ogre
  2915 | D:4      | Reached skill level 5 in Fighting
  2915 | D:4      | Reached skill level 5 in Axes
  2915 | D:4      | Reached XP level 5. HP: 33/48 MP: 4/4
  3062 | D:4      | Found a staircase to the Ecumenical Temple.
  3458 | D:4      | Found a glowing golden altar of the Shining One.
  3484 | D:4      | Reached XP level 6. HP: 53/56 MP: 5/5
  3531 | D:4      | Noticed Blork the orc
  3535 | D:4      | Killed Blork the orc
  3598 | D:4      | Reached skill level 6 in Axes
  3637 | D:4      | Reached *** piety under Trog
  3986 | D:5      | Entered Level 5 of the Dungeon
  4072 | D:5      | Reached XP level 7. HP: 13/63 MP: 6/6
  4598 | D:5      | Reached skill level 7 in Axes
  4657 | D:5      | Found an iron altar of Okawaru.
  4894 | D:5      | Noticed Sigmund
  4898 | D:5      | Reached skill level 1 in Bows
  4901 | D:5      | Killed Sigmund
  5023 | D:5      | Reached XP level 8. HP: 58/71 MP: 7/7
  5254 | D:6      | Reached skill level 5 in Bows
  5269 | D:6      | Mangled by an orc warrior

Skill      XL: |  1  2  3  4  5  6  7  8 |
---------------+-------------------------+-----
Fighting       | 4 5 6 |  6.7
Axes           | 4 5 6 7 |  7.0
Armour         | 3 4 |  4.8
Dodging        | 3 4 |  4.3
Bows           | 3 5 |  5.7

Action                   |  1- 3 |  4- 6 |  7- 9 || total
-------------------------+-------+-------+-------++-------
Melee: Hand axe          |   100 |   100 |    64 ||   264
       Headbutt          |    12 |    25 |    15 ||    52
       War axe           |       |       |    16 ||    16
Invok: Trog's Hand       |       |     1 |     1 ||     2
       Berserk           |       |     1 |     2 ||     3
 Stab: Sleeping          |     1 |       |       ||     1
  Eat: Chunk             |     3 |     7 |     6 ||    16
Armor: Animal skin       |    27 |     1 |       ||    28
       Scale mail        |       |    25 |    28 ||    53
Dodge: Dodged            |    58 |    72 |    42 ||   172
